 Dungeon Crawl Stone Soup version 0.22.1-2-g9c5b331383 (webtiles) character file.

70 McIrco the Shield-Bearer (level 4, 0/35 HPs)
             Began as a Demonspawn Fighter on Jan 5, 2019.
             Succumbed to an adder's poison
             ... on level 2 of the Dungeon.
             The game lasted 00:02:32 (1771 turns).

McIrco the Shield-Bearer (Demonspawn Fighter)       Turns: 1771, Time: 00:02:32

Health: 0/35       AC:  3    Str: 17    XL:     4   Next: 3%
Magic:  4/4        EV: 12    Int:  9    God:
Gold:   39         SH: 10    Dex: 18    Spells: 3/3 levels left

rFire    . . .     SeeInvis .   a - +0 long sword
rCold    . . .     Gourm    .   c - +0 shield
rNeg     . . .     Faith    .   b - +0 scale mail
rPois    .         Spirit   .   (no helmet)
rElec    .         Reflect  .   (no cloak)
rCorr    .         Harm     .   (no gloves)
MR       .....                  (no boots)
Stlth    +.........             (no amulet)
HPRegen  0.11/turn              i - -3 ring of protection (curse)
MPRegen  0.09/turn              (no ring)

@: agile, lethally poisoned (0 -> -7), very slightly contaminated, invisible
A: demonic guardian 1, powered by death 1
a: no special abilities


You were on level 2 of the Dungeon.
You were hungry.

You visited 1 branch of the dungeon, and saw 2 of its levels.

You collected 39 gold pieces.

Inventory:

Hand Weapons
 a - a +0 long sword (weapon)
Armour
 b - a +0 scale mail (worn)
 c - a +0 shield (worn)
Jewellery
 i - a cursed -3 ring of protection (left hand)
Scrolls
 e - a scroll of identify {unknown}
Potions
 d - 2 potions of might
Comestibles
 f - 2 rations


   Skills:
 - Level 3.0 Fighting
 - Level 1.7 Long Blades
 - Level 2.7 Armour
 + Level 4.4 Shields


You had 3 spell levels left.
You didn't know any spells.
Your spell library was empty.

Dungeon Overview and Level Annotations

Branches:
Dungeon (2/15)

Altars:


Innate Abilities, Weirdness & Mutations

A weak demonic guardian rushes to your aid.
You regenerate a little health from kills.


Message History

You hit the adder but do no damage.
The adder is lightly wounded.
You block the adder's attack.
Wield which item (- for none, * to show all)? (? for menu, Esc to quit)
Okay, then.
It was a potion of invisibility.
You fade into invisibility!
The adder barely misses you.
You riposte.
You hit the adder.
The adder is moderately wounded.
You are very lightly contaminated with residual magic.
You closely miss the adder.
The adder is moderately wounded.
* * * LOW HITPOINT WARNING * * *
You feel sick. The adder bites you.
* * * LOW HITPOINT WARNING * * *
You block the adder's attack.
Unknown command.
You closely miss the adder.
The adder is moderately wounded.
You die...

##...## #.#
##.....## ##.#
#.......# ##..###
.........####.....#
.........+ .......#
.........# #...#.#
#.......## #...#.#
##.....## #.S.#
##...## ##@.#
##+###### # #..#
#......<# #.##..#
###..####.# #.....#
#.........# ####.##
#.#...###.# #.#
.......##.# #.#
#.#.......######.#
#.##.............#


You could see an adder.

Vanquished Creatures
  3 adders (D:2)
  A dart slug (D:1)
  3 leopard geckos
  2 giant cockroaches
  3 goblins
  3 hobgoblins (D:1)
  5 jackals
  3 kobolds
  A quokka (D:2)
  4 bats
  2 frilled lizards
  7 rats
37 creatures vanquished.

Notes
Turn   | Place    | Note
-------+----------+-------------------------------------------
     0 | D:1      | McIrco the Demonspawn Fighter began the quest for the Orb.
     0 | D:1      | Reached XP level 1. HP: 18/18 MP: 1/1
    68 | D:1      | Reached skill level 3 in Shields
   185 | D:1      | Gained mutation: A weak demonic guardian rushes to your
                  | aid. [demonic ancestry]
   185 | D:1      | Reached XP level 2. HP: 13/24 MP: 2/2
  1148 | D:2      | Reached XP level 3. HP: 16/29 MP: 3/3
  1232 | D:2      | Reached skill level 4 in Shields
  1761 | D:2      | Gained mutation: You regenerate a little health from kills.
                  | [demonic ancestry]
  1761 | D:2      | Reached XP level 4. HP: 18/35 MP: 4/4
  1770 | D:2      | HP: 1/35 [adder (3)]
  1771 | D:2      | Succumbed to an adder's poison

Skill      XL: |  1  2  3 |
---------------+----------+-----
Shields        | 3 4 |  4.4
Fighting       | |  3.0
Long Blades    | |  1.7
Armour         | |  2.7

Action                   |  1- 3 |  4- 6 || total
-------------------------+-------+-------++-------
Melee: Long sword        |   116 |     7 ||   123
  Use: Scroll            |     3 |       ||     3
       Potion            |       |     2 ||     2
  Eat: Chunk             |     2 |       ||     2
Armor: Scale mail        |    58 |       ||    58
Dodge: Dodged            |    39 |     6 ||    45
Block: Shield            |    78 |     4 ||    82
       Rpst.: Long sword |     9 |     5 ||    14
